 Dungeon Crawl Stone Soup version 0.32-a0-630-g46d191b0ed (webtiles) character file.

Game seed: 9655464903508212106

5167 ragingrage the Caller (level 10, -26/70 HPs)
             Began as a Formicid Air Elementalist on Mar 6, 2024.
             Was a Priest of Nemelex Xobeh.
             Killed from afar by an acid dragon (30 damage)
             ... with a splash of acid
             ... on level 9 of the Dungeon.
             The game lasted 00:22:33 (15596 turns).

ragingrage the Caller (Formicid Air Elementalist)  Turns: 15596, Time: 00:22:34

Health: -26/70     AC:  8    Str: 12    XL:     10   Next: 90%
Magic:  4/13       EV: 11    Int: 16    God:    Nemelex Xobeh [***...]
Gold:   174        SH:  0    Dex: 18    Spells: 4/13 levels left

rFire   . . .        b - +0 long sword
rCold   . . .        (no shield)
rNeg    . . .        O - +5 ring mail of Qazlal's Approval {Rampage Slay+2}
rPois   .            (helmet unavailable)
rElec   .            z - +0 cloak
rCorr   .            l - +0 pair of gloves
SInv    +            (no boots)
Will    +....        (no amulet)
Stlth   ++           h - ring of wizardry
HPRegen 0.31/turn    q - ring of flight
MPRegen 0.13/turn

%: rampage, wizardry (x1)
@: corroded, flying
A: permanent stasis, dig shafts and tunnels, antennae 3, four strong arms
a: Dig, Shaft Self, Renounce Religion, Draw Escape, Draw Destruction, Draw
Summoning, Triple Draw


You were on level 9 of the Dungeon.
You worshipped Nemelex Xobeh.
Nemelex Xobeh was most pleased with you.
You visited 1 branch of the dungeon, and saw 9 of its levels.
You also visited: Sewer.

You collected 332 gold pieces.
You spent 158 gold pieces at shops.

Inventory:

Hand Weapons
 a - a +0 rapier
 b - a +0 long sword (weapon)
 g - a +0 dagger
Missiles
 y - 6 poisoned darts
 F - a throwing net
 N - 3 curare-tipped darts
Armour
 l - a +0 pair of gloves (worn)
 z - a +0 cloak (worn)
 O - the +5 ring mail of Qazlal's Approval (worn) {Rampage Slay+2}
   (You found it on level 8 of the Dungeon)

   Slay+2:    It affects your accuracy & damage with ranged weapons and melee
   (+2).
   Rampage:   It bestows one free step when moving towards enemies.
Magical Staves
 t - a staff of alchemy
Jewellery
 h - a ring of wizardry (left hand)
 q - a ring of flight (right hand)
Wands
 c - a wand of flame (35)
 H - a wand of warping (2)
 J - a wand of mindburst (24)
Scrolls
 e - a scroll of vulnerability
 i - 3 scrolls of noise
 k - a scroll of acquirement {unknown}
 m - 2 scrolls of torment {unknown}
 o - a scroll of enchant armour {unknown}
 r - a scroll of poison
 u - 3 scrolls of blinking {unknown}
 v - 2 scrolls of revelation {unknown}
 w - 2 scrolls of brand weapon {unknown}
 x - a scroll of enchant weapon {unknown}
 A - a scroll of amnesia {unknown}
 B - 4 scrolls of fog
 E - 4 scrolls of identify
 G - a scroll of immolation {unknown}
 I - 2 scrolls of fear
 P - a scroll of teleportation {unknown}
Potions
 d - a potion of curing
 f - 2 potions of attraction {unknown}
 j - 6 potions of lignification {unknown}
 n - a potion of might {unknown}
 p - 2 potions of enlightenment {unknown}
 s - 2 potions of invisibility {unknown}
 C - a potion of cancellation {unknown}
 D - a potion of mutation {unknown}
 K - a potion of heal wounds
 L - a potion of degeneration {unknown}
 M - 3 potions of magic


   Skills:
 - Level 3.0 Fighting
 - Level 7.0(8.2) Short Blades
 + Level 6.5(7.9) Long Blades
 - Level 1.7 Dodging
 - Level 5.0 Stealth
 - Level 2.1 Spellcasting
 - Level 4.0 Conjurations
 - Level 5.1 Hexes
 + Level 7.6 Summonings
 - Level 2.0 Ice Magic
 - Level 3.0 Air Magic
 - Level 4.0 Invocations


You had 4 spell levels left.
You knew the following spells:

 Your Spells              Type           Power      Damage    Failure   Level
a - Ensorcelled Hibernat  Hex/Ice        26%        N/A       6%          2
b - Static Discharge      Conj/Air       24%        3-4/arc   7%          2
c - Shock                 Conj/Air       48%        1d6       4%          1
d - Summon Lightning Spi  Summ/Air       18%        N/A       21%         4

Your spell library contained the following spells:

 Spells                   Type           Power      Damage    Failure   Level
 Call Imp                 Summ           52%        N/A       1%          2
 Slow                     Hex            72%        N/A       2%          1
 Magic Dart               Conj           56%        1d5       3%          1
 Confusing Touch          Hex            18%        N/A       7%          3
 Sigil of Binding         Hex            18%        N/A       7%          3
 Scorch                   Fire           2%         2d5       26%         2
 Animate Armour           Summ/Erth      28%        N/A       34%         4
 Fugue of the Fallen      Necr           1%         N/A       45%         3
 Vampiric Draining        Necr           1%         2d6       45%         3
 Airstrike                Air            5%         2d(1-17)  45%         4
 Anguish                  Hex/Necr       5%         N/A       52%         4
 Flame Wave               Conj/Fire      8%         2d5       58%         4
 Summon Forest            Summ/Tloc      7%         N/A       69%         5
 Summon Cactus Giant      Summ           13%        N/A       73%         6
 Lee's Rapid Deconstruct  Erth           0%         3d4*      99%         5
 Summon Hydra             Summ           13%        N/A       99%         7
 Eringya's Noxious Bog    Alch           0%         4d6       100%        6
 Swiftness                Air            Unusable   N/A       N/A         3
 Blink                    Tloc           Unusable   N/A       N/A         2

Dungeon Overview and Level Annotations

Branches:
Dungeon (9/15)             Temple (0/1) D:4            Lair (0/5) D:8
  Sewer (visited)
    Orc: D:9-12

Altars:
Dithmenos
Kikubaaqudgha
Nemelex Xobeh
Qazlal
Wu Jian
Xom
Yredelemnul
Zin

Shops:
D:6 (*   D:7 [??

Annotations:
D:4 1 runed translucent door, Crazy Yiuf
D:5 5 runed translucent doors
D:6 Jeremiah
D:9 exclusion: hornet


Innate Abilities, Weirdness & Mutations

You cannot be hasted, slowed, berserked, paralysed or teleported.
You can dig through walls and to a lower floor.
You have a pair of large antennae on your head. (SInv)
Your four strong arms can wield two-handed weapons with a shield.


Message History

Aiming: Shock (safe; 4% risk of failure)
Press: ? - help, Q - select action, (/) - cycle Shift-Dir - straight line, f - acid dragon
Aim: an acid dragon (moderately wounded, catching its breath, ally target, 68% to hit)
You miscast Shock.
You are very lightly contaminated with residual magic.
Nothing appears to happen.
Aiming: Shock (safe; 4% risk of failure)
Press: ? - help, Q - select action, (/) - cycle Shift-Dir - straight line, f/p - acid dragon
Aim: an acid dragon (moderately wounded, catching its breath, ally target, 68% to hit)
The zap misses the acid dragon.
Your lightning spire shoots out a bolt of lightning at the acid dragon!
The bolt of electricity hits the acid dragon.
Aiming: Shock (safe; 4% risk of failure)
Press: ? - help, Q - select action, (/) - cycle Shift-Dir - straight line, f/p - acid dragon
Aim: an acid dragon (heavily wounded, not watching you, catching its breath, ally target, 68% to hit)
The zap hits the acid dragon but does no damage.
You hit the acid dragon but do no damage.
The acid dragon spits acid at you. The splash of acid hits you!
You closely miss the acid dragon. The acid dragon spits acid at you.
The splash of acid hits you!!
* * * LOW HITPOINT WARNING * * *
Your lightning spire shoots out a bolt of lightning at the acid dragon!
The bolt of electricity hits the acid dragon.
The acid dragon bites your lightning spire.
The acid dragon claws your lightning spire but does no damage.
The acid dragon bites your lightning spire.
Your lightning spire is destroyed!
Your lightning spire disappears in a puff of smoke!
Your magical contamination has completely faded away.
Unknown command.
You draw a card...
You have drawn the Orb.
Press: ? - help, Shift-Dir - straight line, f/p - acid dragon
Aim: an acid dragon (almost dead, unaware, hasn't noticed you)
The acid dragon spits acid at you. The splash of acid hits you!!
You die...
Your body disappears without a glow.

#..# #.'......#.......
#..# #.#......#.......
#..# #.#......#.......
#..#######.#......#....$..
#..........#......#.......
#..........#.....##.......
#......*..*#.....#........
#.....[.○.○#.....#..####..
#........@*#.....#..# #..
#......*○*.#.....'..# #..
#..........#.....#..# #..
#........D.#.....#.I# #..
#...[....[<#.....#..# #..
#..........#.....#..####..
#..........'.....#........
#..........#.....#........
#..$.......#.....#........


You could see an acid dragon (catching breath, ally target).

Vanquished Creatures
  A troll (D:9)
  A hornet (D:9)
  Sigmund (D:4)
  A wraith (D:9)
  2 yaks (D:7)
  A steam dragon (D:9)
  Menkaure (D:7)
  An orc warrior (D:7)
  Duvessa (D:4)
  An ice beast (D:7)
  A sky beast (D:7)
  2 black bears
  An ogre (D:6)
  A phantom (D:6)
  A brain worm (Sewer)
  2 scorpions (D:5)
  Dowan (D:4)
  A killer bee (D:9)
  A howler monkey (D:5)
  2 bombardier beetles
  4 hounds
  An orc priest (D:6)
  2 sleepcaps
  5 iguanas
  Natasha (thrice) (D:2)
  5 orc wizards
  6 gnolls
  11 adders
  3 river rats (Sewer)
  2 shadow imps
  2 white imps (D:7)
  An ufetubus (D:6)
  A ribbon worm (D:5)
  A dart slug (D:4)
  12 orcs
  5 bats
  3 bat zombies (D:3)
  8 endoplasms
  2 giant cockroaches
  5 goblins
  4 hobgoblins
  9 jackals
  8 kobolds
  3 quokkas
  6 ball pythons
  A ball python skeleton (D:2)
  2 ball python zombies (D:2)
  6 frilled lizards
  A giant cockroach zombie (D:2)
  A jackal skeleton (D:2)
  A quokka skeleton (D:2)
  17 rats
165 creatures vanquished.

Vanquished Creatures (collateral kills)
  A komodo dragon (D:8)
  Grinder (D:3)
  2 yaks (D:8)
  A wyvern (D:9)
  A basilisk (D:8)
  A steam dragon (D:9)
  An acid dragon (D:9)
  2 water moccasins
  An orc warrior (D:4)
  An ogre (D:6)
  A scorpion (D:4)
  3 wights (D:9)
  2 killer bees (D:9)
  An orc wizard (D:6)
  An ufetubus (D:6)
  3 orcs
23 creatures vanquished.

Grand Total: 188 creatures vanquished

Notes
Turn   | Place    | Note
-------+----------+-------------------------------------------
     0 | D:1      | ragingrage the Formicid Air Elementalist began the quest
                  | for the Orb.
     0 | D:1      | Reached XP level 1. HP: 13/13 MP: 3/3
     3 | D:1      | Reached skill level 1 in Conjurations
   365 | D:1      | Reached XP level 2. HP: 13/20 MP: 1/5
   683 | D:1      | Reached skill level 1 in Fighting
  1041 | D:1      | Learned a level 2 spell: Static Discharge
  1288 | D:1      | Reached skill level 1 in Short Blades
  1429 | D:2      | Noticed Natasha
  1516 | D:2      | Reached XP level 3. HP: 26/26 MP: 3/6
  2170 | D:2      | Reached XP level 4. HP: 18/32 MP: 2/7
  2487 | D:3      | Found a sparkling altar of Nemelex Xobeh.
  2514 | D:3      | Became a worshipper of Nemelex Xobeh the Trickster
  2691 | D:3      | Reached XP level 5. HP: 24/37 MP: 0/8
  3010 | D:3      | Noticed Grinder
  3111 | D:3      | Learned a level 2 spell: Ensorcelled Hibernation
  3158 | D:3      | Found an ancient bone altar of Kikubaaqudgha.
  3521 | D:4      | Noticed Sigmund
  3576 | D:4      | Found a staircase to the Ecumenical Temple.
  3736 | D:4      | Reached skill level 1 in Hexes
  3976 | D:4      | Reached skill level 1 in Ice Magic
  4040 | D:4      | Reached XP level 6. HP: 42/43 MP: 2/9
  4135 | D:4      | Found an ornate altar of the Wu Jian Council.
  4175 | D:4      | Found a runed translucent door.
  4176 | D:4      | Noticed Crazy Yiuf
  4238 | D:4      | Noticed an orc warrior
  4318 | D:5      | Entered Level 5 of the Dungeon
  4366 | D:5      | Reached * piety under Nemelex Xobeh
  4370 | D:5      | Found the +9 staff of Olgreb {rPois∞}
  4375 | D:5      | Noticed a water moccasin
  4375 | D:5      | Noticed a redback
  4375 | D:5      | Noticed a water moccasin
  4376 | D:5      | Found a runed translucent gate.
  4376 | D:5      | Found a runed translucent gate.
  4376 | D:5      | Noticed a water moccasin
  4376 | D:5      | Noticed a water moccasin
  4377 | D:5      | Found a runed translucent door.
  4388 | D:5      | Found a runed translucent gate.
  4474 | D:5      | Received a gift from Nemelex Xobeh
  4594 | D:5      | Noticed a black bear
  4608 | D:5      | Killed a black bear
  4609 | D:5      | Reached XP level 7. HP: 48/48 MP: 3/10
  4890 | D:5      | Found a glowing drain.
  4894 | Sewer    | Entered a sewer
  6701 | D:5      | Noticed a redback
  6701 | D:5      | Noticed a redback
  6701 | D:5      | Noticed a redback
  6704 | D:5      | Found a runed translucent door.
  7151 | D:5      | Found a basalt altar of Yredelemnul.
  7153 | D:5      | Found a shimmering altar of Xom.
  7165 | D:5      | Reached skill level 1 in Invocations
  7165 | D:5      | Reached XP level 8. HP: 36/54 MP: 1/11
  7986 | D:6      | Reached skill level 5 in Short Blades
  8377 | D:6      | Noticed Jeremiah
  8416 | D:6      | Found Suytwuubb's Weapon Shoppe.
  8450 | D:6      | Received a gift from Nemelex Xobeh
  8516 | D:6      | Found Begh's CLEARANCE SALE!.
  8522 | D:6      | Bought a scroll of identify for 10 gold pieces
  8522 | D:6      | Bought a wand of warping (3) for 36 gold pieces
  9280 | D:6      | Found a stormy altar of Qazlal.
  9388 | D:7      | Reached XP level 9. HP: 57/61 MP: 5/12
  9453 | D:7      | Found Duobonk's Magic Scroll Emporium.
  9485 | D:7      | Found Vapamirr's Magic Scroll Shop.
  9491 | D:7      | Bought a scroll of fear for 56 gold pieces
  9491 | D:7      | Bought a scroll of fear for 56 gold pieces
  9699 | D:7      | Reached ** piety under Nemelex Xobeh
  9787 | D:7      | Found Liylup's Antique Armour Shoppe.
  9855 | D:7      | Noticed Menkaure
 10028 | D:7      | Reached skill level 5 in Stealth
 10028 | D:7      | Reached skill level 5 in Hexes
 10110 | D:7      | Found a shadowy altar of Dithmenos.
 10222 | D:7      | Learned a level 4 spell: Summon Lightning Spire
 10618 | D:7      | Reached skill level 1 in Summonings
 10905 | D:8      | Received a gift from Nemelex Xobeh
 10924 | D:7      | Killed Menkaure
 11697 | D:8      | Received a gift from Nemelex Xobeh
 11747 | D:8      | Reached *** piety under Nemelex Xobeh
 11875 | D:8      | Reached skill level 1 in Long Blades
 11933 | D:8      | Found a staircase to the Lair.
 11949 | D:8      | Noticed a komodo dragon
 11956 | D:8      | Killed a komodo dragon
 11957 | D:8      | Reached XP level 10. HP: 70/70 MP: 7/13
 12325 | D:9      | Received a gift from Nemelex Xobeh
 12409 | D:9      | Found a glowing silver altar of Zin.
 12432 | D:9      | Reached skill level 5 in Summonings
 13187 | D:9      | Reached skill level 5 in Long Blades
 13753 | D:8      | Identified the +5 ring mail of Qazlal's Approval {Rampage
                  | Slay+2}
 14382 | D:3      | Killed Grinder
 14498 | D:2      | Killed Natasha
 14624 | D:2      | Noticed Natasha
 14627 | D:2      | Killed Natasha
 14702 | D:2      | Noticed Natasha
 14714 | D:2      | Killed Natasha
 15177 | D:4      | Noticed Duvessa
 15179 | D:4      | Noticed Dowan
 15189 | D:4      | Killed Sigmund
 15194 | D:4      | Killed Duvessa
 15210 | D:4      | Killed Dowan
 15593 | D:9      | HP: 3/70 [acid dragon/splash of acid (28)]
 15596 | D:9      | Killed from afar by an acid dragon

Illustrated notes

Levels and vault maps discovered:
D:1:      minmay_arrival_four_circles, layout_loops_corners,
          minmay_misc_feat_enclosed
D:2:      layout_rooms, serial_undead, serial_undead_d, serial_undead_c,
          serial_undead_b, serial_undead_c, uniq_natasha
D:3:      layout_loops_ring, lemuel_zombie_altar_kikubaaqudgha,
          nemelex_xobeh_ov_fountains_minmay, uniq_grinder
D:4:      layout_loops_ring, mainiacjoe_overflow_small_starburst,
          temple_statues, uniq_duvessa, uniq_crazy_yiuf_cottage, uniq_sigmund
D:5:      layout_rooms, jmf_multi_god_temple, gup_sewer_entry_spiral,
          minmay_guarded_unrand_staff_of_olgreb
D:6:      layout_rooms, nicolae_qazlal_eye_of_the_storm, serial_shops,
          shop_statue, nicolae_shop_clearance, uniq_jeremiah
D:7:      layout_loops_ring, nicolae_dithmenos_through_a_glass_darkly,
          serial_shops, nicolae_diamond_shop, shop, nicolae_shop_rolling_square,
          minmay_misc_feat_doors, grunt_ministairs_9, uniq_menkaure
D:8:      layout_gridville, david_lair_shrubbed
D:9:      layout_stronghold, grunt_temple_overflow_cloverleaf,
          nicolae_overflow_crystal_walls

Skill      XL: |  1  2  3  4  5  6  7  8  9 10 |
---------------+-------------------------------+-----
Conjurations   | 1 2 3 4 |  4.0
Fighting       | 1 3 |  3.0
Short Blades   | 1 2 4 6 7 |  7.0
Hexes          | 1 2 4 5 |  5.1
Ice Magic      | 1 2 |  2.0
Stealth        | 3 4 5 |  5.0
Invocations    | 1 4 |  4.0
Air Magic      | 3 |  3.0
Summonings     | 4 7 |  7.6
Long Blades    | 2 6 |  6.5
Dodging        | |  1.7
Spellcasting   | |  2.1

Action                     |  1- 3 |  4- 6 |  7- 9 | 10-12 || total
---------------------------+-------+-------+-------+-------++-------
  Melee: Dagger            |    25 |    69 |   175 |    68 ||   337
         Long sword        |       |       |       |    18 ||    18
         Rapier            |       |       |       |     1 ||     1
   Cast: Shock             |    72 |    78 |   163 |    44 ||   357
         Ensorcelled Hiber |       |     9 |    44 |     6 ||    59
         Static Discharge  |       |     1 |    23 |       ||    24
         Summon Lightning  |       |       |     2 |    22 ||    24
 Invoke: Draw Destruction  |       |       |     5 |     5 ||    10
         Draw Summoning    |       |       |     2 |       ||     2
Ability: Dig               |       |       |     1 |       ||     1
  Evoke: Wand              |       |       |       |     1 ||     1
    Use: Scroll            |     1 |     3 |     2 |       ||     6
         Potion            |       |     2 |     5 |       ||     7
   Stab: Sleeping          |     1 |     7 |    23 |     1 ||    32
         Distracted        |       |       |       |     1 ||     1
 Armour: Robe              |    22 |    50 |       |       ||    72
         Leather armour    |       |    17 |   213 |    40 ||   270
         Ring mail         |       |       |       |    36 ||    36
  Dodge: Dodged            |    17 |    78 |   148 |    39 ||   282

Table legend: (Time is in decaauts)
 A = Elapsed time spent in this place.
 B = Non-inter-level travel time spent in this place.
 C = Inter-level travel time spent in this place.
 D = Time resting spent in this place.
 E = Time spent auto-exploring this place.
 F = Levels seen in this place.
 G = Mean time per level.
                   A        B        C        D        E       F      G
               +--------+--------+--------+--------+--------+-----+--------+
         Total |  15534 |  14579 |    955 |   4980 |   7256 |  10 | 1553.4 |
       Dungeon |  13873 |  12918 |    955 |   4318 |   6490 |   9 | 1541.4 |
         Sewer |   1661 |   1661 |      0 |    662 |    766 |   1 | 1661.0 |
               +--------+--------+--------+--------+--------+-----+--------+

Top non-repeatable levels by time:
     D:7: 2004 daAuts
     D:4: 1838 daAuts
     D:5: 1794 daAuts
   Sewer: 1661 daAuts
     D:8: 1633 daAuts
     D:6: 1570 daAuts
     D:1: 1531 daAuts
     D:2: 1434 daAuts
     D:3: 1110 daAuts
     D:9: 954 daAuts
